 Dungeon Crawl Stone Soup version 0.31-a0-1-g4198be8af4 (webtiles) character file.

Game seed: 16341891487439806800

19 Juicyj the Sneak (level 2, -3/19 HPs)
             Began as a Vampire Enchanter on May 1, 2023.
             Slain by a gnoll
             ... wielding a +0 flail
              (8 damage)
             ... on level 2 of the Dungeon.
             The game lasted 00:00:55 (1072 turns).

Juicyj the Sneak (Vampire Enchanter)                Turns: 1072, Time: 00:00:55

Health: -3/19      AC:  2    Str:  7    XL:     2   Next: 55%
Magic:  5/5        EV: 12    Int: 17    God:
Gold:   46         SH:  0    Dex: 14    Spells: 5/5 levels left

rFire   . . .        a - +1 dagger
rCold   . . .        (no shield)
rNeg    . . .        b - +0 robe
rPois   .            (no helmet)
rElec   .            (no cloak)
rCorr   .            (no gloves)
SInv    +            (no boots)
Will    .....        (no amulet)
Stlth   +++          (no ring)
HPRegen 0.43/turn    (no ring)
MPRegen 0.09/turn

%: no passive effects
@: healing quickly, invisible
A: alive, fangs 3, see invisible, vampiric 1
a: Exsanguinate


You were on level 2 of the Dungeon.
You visited 1 branch of the dungeon, and saw 2 of its levels.

You collected 46 gold pieces.

Inventory:

Hand Weapons
 a - a +1 dagger (weapon)
Armour
 b - a +0 robe (worn)
Jewellery
 i - a ring of magical power
Scrolls
 d - a scroll of summoning {unknown}
 f - 2 scrolls of magic mapping {unknown}
 g - a scroll of noise {unknown}
 h - a scroll of blinking {unknown}
Potions
 c - a potion of invisibility
 e - a potion of resistance {unknown}
 j - a potion of heal wounds {unknown}


   Skills:
 + Level 1.5 Short Blades
 + Level 2.5 Dodging
 + Level 4.7 Stealth
 + Level 2.2 Spellcasting
 + Level 4.7 Hexes


You had 5 spell levels left.
You didn't know any spells.
Your spell library contained the following spells:

 Spells                   Type           Power      Damage    Failure   Level
 Confusing Touch          Hex            17%        N/A       9%          3
 Tukima's Dance           Hex            17%        N/A       9%          3
 Ensorcelled Hibernation  Hex/Ice        18%        N/A       11%         2
 Dazzling Flash           Conj/Hex       18%        N/A       22%         3


Dungeon Overview and Level Annotations

Branches:
Dungeon (2/15)

Altars:


Innate Abilities, Weirdness & Mutations

Your natural rate of healing is accelerated.
You have razor-sharp teeth.
You have supernaturally acute eyesight. (SInv)
You are afflicted with vampirism.


Message History

No target in view!
Found an escape hatch in the floor and an escape hatch in the ceiling.
No target in view!
No target in view!
Found a stone staircase leading up.
No target in view!
j - a bubbling inky potion No target in view!
There is an escape hatch in the floor here.
A bat comes into view. 4 gnolls come into view.
A gnoll is wielding a +3 flail of protection.
There are monsters nearby!
The gnoll shouts!
There are monsters nearby!
The gnoll shouts! x2
The bat hits you but does no damage. x3
You hear an angry hiss.
You closely miss the gnoll. The bat barely misses you.
The gnoll closely misses you.
The gnoll hits you from afar with a +0 spear.
You hit the gnoll.
The gnoll is lightly wounded.
The bat closely misses you. The bat hits you but does no damage. x2
The gnoll hits you with a +0 flail.
A frilled lizard comes into view.
The gnoll hits you from afar with a +0 spear.
* * * LOW HITPOINT WARNING * * *
You fade into invisibility!
The bat hits you but does no damage. The bat misses you.
The gnoll closely misses you. The gnoll closely misses you.
The frilled lizard hisses angrily.
You hit the gnoll. You bite the gnoll.
The gnoll is moderately wounded.
The gnoll closely misses you. The gnoll completely misses you.
You hit the gnoll.
The gnoll is moderately wounded.
The bat barely misses you. The gnoll hits you with a +0 flail!
You die...

#... ..#.#
.......#.#
#......#.#
^......#.#
#.....#.#
+.....#.# #
#.....#.#.#
#....b#...#
#....g@...#.#
#....g......#
#..g.####.###
#l... ...
#.g.. ####
#.... ...###
#... #..


You could see 4 gnolls, a bat and a frilled lizard (wandering, unable to see
you).

Vanquished Creatures
  A dart slug (D:1)
  2 bats (D:1)
  An endoplasm (D:2)
  3 giant cockroaches
  A goblin (D:1)
  2 hobgoblins
  2 kobolds
  A quokka (D:2)
  2 ball pythons (D:1)
15 creatures vanquished.

Vanquished Creatures (others)
  4 fungi (D:2)
  5 plants (D:2)
9 creatures vanquished.

Grand Total: 24 creatures vanquished

Notes
Turn   | Place    | Note
-------+----------+-------------------------------------------
     0 | D:1      | Juicyj the Vampire Enchanter began the quest for the Orb.
     0 | D:1      | Reached XP level 1. HP: 13/13 MP: 3/3
   400 | D:1      | Reached XP level 2. HP: 10/19 MP: 5/5
  1072 | D:2      | Slain by a gnoll

Illustrated notes

Levels and vault maps discovered:
D:1:      lemuel_arrival_river_passageway, layout_basic
D:2:      kennysheep_big_flooded_room, layout_basic,
          shapermc_ecumenical_altar_mp_urbaneastern, serial_shops, shop

Action                     || total
---------------------------++-------
  Melee: Dagger            ||    55
         Bite              ||     6
    Use: Potion            ||     1
   Stab: Sleeping          ||     4
 Armour: Robe              ||    16
  Dodge: Dodged            ||    42

Table legend: (Time is in decaauts)
 A = Elapsed time spent in this place.
 B = Non-inter-level travel time spent in this place.
 C = Inter-level travel time spent in this place.
 D = Time resting spent in this place.
 E = Time spent auto-exploring this place.
 F = Levels seen in this place.
 G = Mean time per level.
                   A        B        C        D        E       F      G
               +--------+--------+--------+--------+--------+-----+--------+
         Total |   1078 |   1069 |      9 |      0 |    918 |   2 |  539.0 |
       Dungeon |   1078 |   1069 |      9 |      0 |    918 |   2 |  539.0 |
               +--------+--------+--------+--------+--------+-----+--------+

Top non-repeatable levels by time:
     D:1: 857 daAuts
     D:2: 221 daAuts
